 Dungeon Crawl Stone Soup version 0.31.0-12-g77e489cdc1 (webtiles) character file.

Game seed: 1602620785889401328

64 ChadusMaximus the Caller (level 4, 0/30 HPs)
             Began as a Barachi Summoner on Mar 3, 2024.
             Slain by a quokka (5 damage)
             ... on level 1 of the Dungeon.
             The game lasted 00:02:06 (1303 turns).

ChadusMaximus the Caller (Barachi Summoner)         Turns: 1303, Time: 00:02:06

Health: 0/30       AC:  2    Str:  9    XL:     4   Next: 12%
Magic:  3/8        EV: 12    Int: 18    God:
Gold:   45         SH:  0    Dex: 12    Spells: 8/9 levels left

rFire   + . .        d - +0 short sword
rCold   . . .        (no shield)
rNeg    . . .        a - +0 robe
rPois   .            (no helmet)
rElec   .            (no cloak)
rCorr   .            (no gloves)
SInv    .            (no boots)
Will    .....        (no amulet)
Stlth   ++           e - ring of protection from fire
HPRegen 0.25/turn    (no ring)
MPRegen 0.11/turn

%: no passive effects
@: slow
A: amphibious, slowness 1, strong legs 1, +LOS
a: Hop


You were on level 1 of the Dungeon.
You visited 1 branch of the dungeon, and saw 2 of its levels.

You collected 45 gold pieces.

Inventory:

Hand Weapons
 d - a +0 short sword (weapon)
Armour
 a - a +0 robe (worn)
Jewellery
 e - a ring of protection from fire (left hand)
Scrolls
 c - 4 scrolls of identify {unknown}
 g - a scroll of noise {unknown}
 i - a scroll of enchant weapon {unknown}
 j - a scroll of vulnerability {unknown}
 k - a scroll of fear {unknown}
 n - a scroll of fog {unknown}
Potions
 b - a potion of magic
 f - a potion of attraction {unknown}
 h - a potion of invisibility {unknown}
 l - a potion of cancellation {unknown}
 m - a potion of curing {unknown}


   Skills:
 - Level 2.1 Dodging
 - Level 1.7 Stealth
 + Level 3.1 Spellcasting
 * Level 6.1 Summonings


You had 8 spell levels left.
You knew the following spells:

 Your Spells              Type           Power      Damage    Failure   Level
a - Summon Small Mammal   Summ           100%       N/A       1%          1

Your spell library contained the following spells:

 Spells                   Type           Power      Damage    Failure   Level
 Call Imp                 Summ           50%        N/A       1%          2
 Call Canine Familiar     Summ           25%        N/A       3%          3
 Summon Blazeheart Golem  Fire/Summ      13%        N/A       41%         4
 Summon Lightning Spire   Summ/Air       13%        N/A       41%         4


Dungeon Overview and Level Annotations

Branches:
Dungeon (2/15)

Altars:

Shops:
D:1 =

Annotations:
D:2 1 runed translucent door, Crazy Yiuf


Innate Abilities, Weirdness & Mutations

You are amphibious.
You cover ground slowly.
You can hop short distances.
You have an extended range of vision and can be seen from far away.


Message History

Unknown command.
Casting: Summon Small Mammal (safe; 1% risk of failure)
Confirm with . or Enter, or press ? or * to list all spells.
The ball python barely misses you. The ball python constricts you.
The quokka closely misses you.
The ball python's grasp on you weakens, but your attempt to escape fails.
The ball python barely misses you. The ball python constricts you.
The quokka bites you.
* * * LOW HITPOINT WARNING * * *
Your quokka bites the quokka.
The ball python barely misses you. The ball python constricts you.
Unknown command.
Casting: Summon Small Mammal (safe; 1% risk of failure)
Confirm with . or Enter, or press ? or * to list all spells.
The quokka bites you.
* * * LOW HITPOINT WARNING * * *
Your quokka closely misses the quokka.
The ball python closely misses you. The ball python constricts you.
* * * LOW HITPOINT WARNING * * *
Unknown command.
You escape the ball python's grasp.
The hobgoblin closely misses your quokka.
Your bat hits the quokka. The quokka barely misses you.
Your bat completely misses the quokka.
The ball python bites something.
The ball python grabs something.
The ball python constricts something.
The hobgoblin hits something with a +0 whip.
The quokka attacks as it pursues you! The quokka closely misses you.
Your bat closely misses the quokka.
There is an escape hatch in the ceiling here.
Your bat hits the ball python. The quokka bites you.
* * * LOW HITPOINT WARNING * * *
A mysterious force pulls you upwards. The hatch slams shut behind you.
Casting: Summon Small Mammal (safe; 1% risk of failure)
Confirm with . or Enter, or press ? or * to list all spells.
The quokka misses you. The quokka barely misses you.
Unknown command.
You barely miss the quokka.
The quokka is severely wounded.
The quokka bites you.
You die...

#####.#.......##'###..##...
#######.........#....#...........
........#.#....#######...........
#########.##....#### ########'#+#
.# #.##.#.....## #...#8.... .#
###.##...###..# #...#..... .##
###..)##...# ##.####...#8..>.
..###..........####.#......##....
#..........#...#@r.....#....##...
.###.....#.....#.......####.###.#
.###......##...#.r.....# #.# ###
.......##.###.########## #.##♣♣♣
##......#.###)# #..####
.....)..#..##.# ##.....
..#.....##....# ######
.##.....####.## .##.....# #.#


You could see a quokka (ally target) and a friendly quokka (summoned).

Vanquished Creatures
  2 adders (D:2)
  A dart slug (D:2)
  An endoplasm (D:2)
  4 goblins
  2 hobgoblins
  3 jackals (D:2)
  A kobold (D:1)
  3 ball pythons
  A frilled lizard (D:1)
  3 rats
21 creatures vanquished.

Vanquished Creatures (collateral kills)
  An adder (D:2)
  A ribbon worm (D:2)
  An endoplasm (D:2)
  A giant cockroach (D:1)
  3 goblins
  A jackal (D:2)
  2 kobolds (D:1)
  A ball python (D:1)
11 creatures vanquished.

Grand Total: 32 creatures vanquished

Notes
Turn   | Place    | Note
-------+----------+-------------------------------------------
     0 | D:1      | ChadusMaximus the Barachi Summoner began the quest for the
                  | Orb.
     0 | D:1      | Reached XP level 1. HP: 13/13 MP: 3/3
   241 | D:1      | Reached skill level 5 in Summonings
   284 | D:1      | Reached XP level 2. HP: 19/19 MP: 3/5
   309 | D:1      | Found Tadinuqe's Jewellery Boutique.
   796 | D:2      | Reached XP level 3. HP: 17/24 MP: 4/7
   879 | D:2      | Found a runed translucent door.
   880 | D:2      | Noticed Crazy Yiuf
  1162 | D:2      | Reached skill level 6 in Summonings
  1285 | D:2      | Reached XP level 4. HP: 21/30 MP: 4/8
  1303 | D:1      | Slain by a quokka

Illustrated notes

Levels and vault maps discovered:
D:1:      beargit_arrival_diablo_church, layout_rooms, serial_shops,
          nicolae_shop_hallway_plus
D:2:      layout_loops_ring, minmay_pentomino_pile, uniq_crazy_yiuf_cottage

Skill      XL: |  1  2  3 |
---------------+----------+-----
Summonings     | 5 6 |  6.1
Spellcasting   | 3 |  3.1
Dodging        | |  2.1
Stealth        | |  1.7

Action                     |  1- 3 |  4- 6 || total
---------------------------+-------+-------++-------
  Melee: Short sword       |   111 |     3 ||   114
         Punch             |     1 |       ||     1
   Cast: Summon Small Mamm |    24 |     3 ||    27
   Stab: Sleeping          |     2 |       ||     2
         Distracted        |     1 |       ||     1
 Armour: Robe              |    65 |     7 ||    72
  Dodge: Dodged            |    88 |    11 ||    99
